 Dungeon Crawl Stone Soup version 0.32-a0-42-ga30500b4d3 (webtiles) character file.

Game seed: 8734500168544556310

369 pokeman the Magician (level 6, -2/34 HPs)
             Began as a Deep Elf Hedge Wizard on Jan 31, 2024.
             Succumbed to a kobold brigand's curare-tipped dart
             ... in a sewer.
             The game lasted 00:08:33 (4278 turns).

pokeman the Magician (Deep Elf Hedge Wizard)        Turns: 4278, Time: 00:08:34

Health: -2/34      AC:  2    Str:  4 (7)  XL:     6   Next: 41%
Magic:  3/17       EV: 12    Int: 20 (21) God:
Gold:   191        SH:  0    Dex: 12 (14) Spells: 5/18 levels left

rFire   . . .        a - +0 dagger
rCold   . . .        (no shield)
rNeg    . . .        b - +0 robe
rPois   .            c - +0 hat
rElec   .            (no cloak)
rCorr   .            (no gloves)
SInv    .            (no boots)
Will    .....        (no amulet)
Stlth   ++           (no ring)
HPRegen 0.25/turn    (no ring)
MPRegen 0.15/turn

%: no passive effects
@: lethally poisoned (-2 -> -10), slowed, invisible, very slow
A: no striking features
a: no special abilities


You were in a sewer.
You visited 1 branch of the dungeon, and saw 4 of its levels.
You also visited: Sewer.

You collected 191 gold pieces.

Inventory:

Hand Weapons
 a - a +0 dagger (weapon)
Missiles
 v - a curare-tipped dart
Armour
 b - a +0 robe (worn)
 c - a +0 hat (worn)
 s - the +6 ring mail of Hopscotch {Rampage +Inv rC- rN++ Regen+}
   (You found it on level 3 of the Dungeon)

   rC-:       It makes you vulnerable to cold.
   rN++:      It greatly protects you from negative energy.
   +Inv:      It lets you turn invisible.
   Regen+:    It increases your rate of health regeneration.
   Rampage:   It bestows one free step when moving towards enemies.
Magical Staves
 j - a staff of fire
 p - a staff of air
Wands
 n - a wand of digging (5)
Scrolls
 e - a scroll of blinking {unknown}
 f - 2 scrolls of identify {unknown}
 h - a scroll of poison {unknown}
 k - a scroll of immolation {unknown}
 l - 3 scrolls of fog {unknown}
 m - a scroll of amnesia {unknown}
 r - 4 scrolls of revelation {unknown}
 t - a scroll of fear {unknown}
 u - a scroll of enchant armour {unknown}
Potions
 d - a potion of magic
 g - a potion of degeneration
 i - a potion of invisibility
 o - a potion of heal wounds {unknown}
 q - a potion of brilliance {unknown}


   Skills:
 + Level 1.0 Fighting
 - Level 1.0 Armour
 - Level 3.2 Dodging
 - Level 3.2 Stealth
 * Level 6.8 Spellcasting
 + Level 3.1 Conjurations
 - Level 1.1 Summonings
 - Level 1.1 Translocations
 + Level 1.1 Fire Magic
 - Level 1.0 Ice Magic
 - Level 1.0 Air Magic
 - Level 1.1 Alchemy
 - Level 1.1 Evocations


You had 5 spell levels left.
You knew the following spells:

 Your Spells              Type           Power      Damage    Failure   Level
a - Magic Dart            Conj           76%        1d6       2%          1
b - Mephitic Cloud        Conj/Alch/Air  13%        N/A       14%         3
c - Call Imp              Summ           22%        N/A       10%         2
d - Blink                 Tloc           22%        N/A       10%         2
e - Freezing Cloud        Conj/Ice/Air   6%         6-21      80%         5

Your spell library contained the following spells:

 Spells                   Type           Power      Damage    Failure   Level
 Slow                     Hex            24%        N/A       10%         1
 Mercury Vapours          Alch/Air       22%        N/A       10%         2
 Cigotuvi's Dreadful Rot  Necr/Alch/Air  18%        N/A       11%         2


Dungeon Overview and Level Annotations

Branches:
Dungeon (4/15)              Sewer (1/1)
 Temple: D:4-7

Altars:

Shops:
D:2 (?


Message History

Confirm with . or Enter, or press ? or * to list all spells.
Aiming: Magic Dart (safe; 2% risk of failure)
Press: ? - help, Shift-Dir - straight line, f/p - kobold
Aim: a kobold, wielding a +0 short sword (moderately wounded, 100% to hit)
The magic dart hits the kobold.
You kill the kobold!
Your cerulean imp hits the kobold brigand but does no damage.
The kobold brigand misses you.
You hit the kobold brigand.
The kobold brigand is severely wounded.
The kobold brigand seems less confused.
Your cerulean imp hits the kobold brigand from afar with a -3 spear.
The kobold brigand misses you.
Casting: Magic Dart (safe; 2% risk of failure)
Confirm with . or Enter, or press ? or * to list all spells.
You don't have enough magic to cast this spell.
Unknown command.
You swap places.
Your cerulean imp hits the kobold brigand but does no damage.
The kobold brigand throws a curare-tipped dart.
The curare-tipped dart closely misses your cerulean imp.
The curare-tipped dart hits you.
You are lethally poisoned!
You have difficulty breathing.
* * * LOW HITPOINT WARNING * * *
You feel yourself slow down.
Your cerulean imp closely misses the kobold brigand.
The kobold brigand completely misses your cerulean imp.
Unknown command.
It was a potion of degeneration.
There was something very wrong with that liquid.
You feel weakened.
You feel dopey.
You feel clumsy.
* * * LOW HITPOINT WARNING * * *
You feel very sick.
Your cerulean imp completely misses the kobold brigand.
The kobold brigand hits your cerulean imp with a +0 whip of flaming.
The kobold brigand burns your cerulean imp.
It was a potion of invisibility.
You fade into invisibility!
You die...

########## #########
#.#.#...P###.~PP...####
#....P~P.~.#~.~~...≈≈≈##
###~#PP.....~~P.P..≈≈≈≈#
#~#P~..~.~.~#~#...≈≈≈##
#~#.~.~..~~.#~#†∩.≈≈≈≈#
#~######@)..#~#.∩.≈≈≈≈#
#~#~~~K5~..##~#....≈≈≈#
#~######)####~#.P######
#~#~...)~# #~#P.~~~~~#
#..~~~.# ##~######
P####P..~.#


#PP r~~~~..~.## ##PP #####K~)######## ### ~......~~~~~~~K~ You could see a
kobold brigand (unable to see you, ally target) and a friendly cerulean imp
(summoned).

Vanquished Creatures
  An ogre (D:3)
  A bombardier beetle (D:4)
  An orc wizard (D:4)
  4 adders
  2 river rats (Sewer)
  A dart slug (D:3)
  A ribbon worm (D:2)
  7 orcs
  4 ball pythons
  10 endoplasms
  6 giant cockroaches
  12 goblins
  9 hobgoblins
  5 jackals
  8 kobolds
  2 quokkas (D:1)
  4 bats
  6 frilled lizards
  7 rats
91 creatures vanquished.

Vanquished Creatures (collateral kills)
  A kobold brigand (Sewer)
  A ball python (D:3)
2 creatures vanquished.

Grand Total: 93 creatures vanquished

Notes
Turn   | Place    | Note
-------+----------+-------------------------------------------
     0 | D:1      | pokeman the Deep Elf Hedge Wizard began the quest for the
                  | Orb.
     0 | D:1      | Reached XP level 1. HP: 10/10 MP: 7/7
   280 | D:1      | Reached XP level 2. HP: 10/16 MP: 2/9
  1227 | D:1      | Reached skill level 5 in Spellcasting
  1428 | D:2      | Found Wacvov's Weapon Boutique.
  1471 | D:2      | Reached XP level 3. HP: 20/20 MP: 2/11
  1492 | D:1      | Learned a level 3 spell: Mephitic Cloud
  1495 | D:1      | Learned a level 2 spell: Call Imp
  1498 | D:1      | Learned a level 2 spell: Blink
  1599 | D:2      | Found Tualoaki's Magic Scroll Shop.
  2114 | D:2      | Reached skill level 1 in Fighting
  2222 | D:2      | Reached skill level 1 in Armour
  2621 | D:3      | Reached XP level 4. HP: 25/25 MP: 2/13
  3014 | D:3      | Identified the +6 ring mail of Hopscotch {Rampage +Inv rC-
                  | rN++ Regen+}
  3278 | D:3      | Noticed an ogre
  3292 | D:3      | Killed an ogre
  3293 | D:3      | Reached skill level 6 in Spellcasting
  3293 | D:3      | Reached XP level 5. HP: 3/29 MP: 3/15
  3299 | D:3      | Learned a level 5 spell: Freezing Cloud
  3921 | D:4      | Reached XP level 6. HP: 34/34 MP: 11/17
  3921 | D:4      | Found a glowing drain.
  3930 | Sewer    | Entered a sewer
  4229 | Sewer    | Reached skill level 1 in Ice Magic
  4244 | Sewer    | Reached skill level 1 in Fire Magic
  4244 | Sewer    | Reached skill level 1 in Air Magic
  4244 | Sewer    | Reached skill level 1 in Alchemy
  4244 | Sewer    | Reached skill level 1 in Evocations
  4277 | Sewer    | HP: 1/34 [poisoned by a kobold brigand (curare-tipped
                  | dart)]
  4278 | Sewer    | Succumbed to a kobold brigand's curare-tipped dart

Illustrated notes

Levels and vault maps discovered:
D:1:      saegor_arrival_fortress, layout_basic
D:2:      layout_basic, serial_shops, shop, shop, minmay_pentomino_q2
D:3:      layout_loops_ring
D:4:      layout_loops_ring, portal_sewer_entry_d, uniq_grinder, uniq_eustachio
Sewer:    sewer_co_scattered_pipes

Skill      XL: |  1  2  3  4  5  6 |
---------------+-------------------+-----
Spellcasting   | 5 6 |  6.8
Fighting       | 1 |  1.0
Conjurations   | 2 3 |  3.1
Armour         | 1 |  1.0
Dodging        | 3 |  3.2
Stealth        | 3 |  3.2
Ice Magic      | 1 |  1.0
Fire Magic     | 1 |  1.1
Air Magic      | 1 |  1.0
Alchemy        | 1 |  1.1
Evocations     | 1 |  1.1
Summonings     | |  1.1
Translocations | |  1.1

Action                     |  1- 3 |  4- 6 || total
---------------------------+-------+-------++-------
  Melee: Dagger            |    20 |    54 ||    74
         Punch             |       |     1 ||     1
   Cast: Magic Dart        |   125 |    93 ||   218
         Mephitic Cloud    |     1 |     7 ||     8
         Call Imp          |     1 |     4 ||     5
    Use: Potion            |       |     2 ||     2
   Stab: Confused          |     2 |     7 ||     9
         Sleeping          |     1 |     1 ||     2
 Armour: Robe              |    15 |    31 ||    46
  Dodge: Dodged            |    32 |    44 ||    76

Table legend: (Time is in decaauts)
 A = Elapsed time spent in this place.
 B = Non-inter-level travel time spent in this place.
 C = Inter-level travel time spent in this place.
 D = Time resting spent in this place.
 E = Time spent auto-exploring this place.
 F = Levels seen in this place.
 G = Mean time per level.
                   A        B        C        D        E       F      G
               +--------+--------+--------+--------+--------+-----+--------+
         Total |   4308 |   4208 |    100 |    149 |   3383 |   5 |  861.6 |
       Dungeon |   3934 |   3834 |    100 |    103 |   3166 |   4 |  983.5 |
         Sewer |    374 |    374 |      0 |     46 |    217 |   1 |  374.0 |
               +--------+--------+--------+--------+--------+-----+--------+

Top non-repeatable levels by time:
     D:1: 1503 daAuts
     D:2: 1088 daAuts
     D:3: 1069 daAuts
   Sewer: 374 daAuts
     D:4: 272 daAuts
